SAA
VIRGINIA BEACH WHALES @ OTTAWA NATIONALS
08/02/2042
 
TOP OF THE 1ST
Virginia Beach Whales batting - Pitching for Ottawa Nationals : RHP Jonathan Campbell
Pitching: RHP Jonathan Campbell
Batting: RHB Jessie Gibbs 0-0: Ball
1-0: Called Strike
1-1: Ball
2-1: Called Strike
2-2: Ball
3-2: Base on Balls
Batting: LHB Kalino Iolana 0-0: Ball
1-0: Called Strike
1-1: Ball
2-1: Swinging Strike
2-2: Strikes out looking
Batting: RHB Óscar Cardozo 0-0: Ball
1-0: Ball
2-0: Foul Ball, location: 2F
2-1: Fielders Choice at 2nd, 1-4 (Groundball, 25, EV 88.1 MPH)
Batting: RHB Todd Walker 0-0: Called Strike
0-1: Ball
1-1: Fly out, F4 (Popup, 3L, EV 67.5 MPH)
Top of the 1st over - 0 runs, 0 hits, 0 errors, 1 left on base; Virginia Beach 0 - Ottawa 0
BOTTOM OF THE 1ST
Ottawa Nationals batting - Pitching for Virginia Beach Whales : RHP Daryl Benstead
Pitching: RHP Daryl Benstead
Batting: LHB Knox Loposer 0-0: Ball
1-0: Ball
2-0: Ball
3-0: Called Strike
3-1: Base on Balls
Batting: RHB Manuel Barrera 0-0: Ball
1-0: Ball
2-0: Grounds into double play, 5-4-3 (Groundball, 56, EV 93.1 MPH)
Batting: RHB Imbart Baars 0-0: Ball
1-0: Ball
2-0: Foul Ball, location: 2F
2-1: Ball
3-1: Swinging Strike
3-2: Foul Ball, location: 2F
3-2: SINGLE (Flyball, 4D, EV 87.5 MPH)
Batting: RHB Dave Curtis 0-0: Ball
1-0: Ball
2-0: Ball
3-0: Called Strike
3-1: Base on Balls
Imbart Baars to second
Batting: RHB Hulama Yani 0-0: Ball
1-0: Ball
2-0: Ball
3-0: Base on Balls
Imbart Baars to third
Dave Curtis to second
Batting: LHB Ewold de Regt 0-0: Called Strike
0-1: Fielders Choice at 2nd, 6-4 (Groundball, 6, EV 106.9 MPH)
Bottom of the 1st over - 0 runs, 1 hit, 0 errors, 3 left on base; Virginia Beach 0 - Ottawa 0
TOP OF THE 2ND
Virginia Beach Whales batting - Pitching for Ottawa Nationals : RHP Jonathan Campbell
Batting: RHB Juan Oleastro 0-0: Ball
1-0: Called Strike
1-1: Ball
2-1: SOLO HOME RUN (Flyball, 7D, EV 100.6 MPH), Distance : 368 ft
Batting: LHB Asberry Harpending 0-0: Ball
1-0: Ball
2-0: Foul Ball, location: 2F
2-1: Foul Ball, location: 2F
2-2: Ball
3-2: Foul Ball, location: 2F
3-2: SINGLE (Line Drive, 6MD, EV 98.8 MPH)
Batting: RHB Nick Harper 0-0: Ball
1-0: Foul Ball, location: 2F
1-1: Ball
2-1: Foul Ball, location: 2F
2-2: Strikes out swinging
Batting: RHB Roberto González 0-0: Ground out 5-3 (Groundball, 56S, EV 70.0 MPH)
Asberry Harpending to second
Batting: RHB Aatos Salmi 0-0: Ball
1-0: Ball
2-0: Called Strike
2-1: SINGLE (Groundball, 6MD, EV 96.9 MPH)
Asberry Harpending to third
Runner from 3rd tries for Home, SAFE, throw by CF to home
Batting: RHB Jessie Gibbs 0-0: Ball
1-0: Foul Ball, location: 2F
1-1: Foul Ball, location: 2F
1-2: Ball
2-2: Foul Ball, location: 2F
2-2: Ball
3-2: Fly out, F8 (Flyball, 8RM, EV 91.2 MPH)
Top of the 2nd over - 2 runs, 3 hits, 0 errors, 1 left on base; Virginia Beach 2 - Ottawa 0
BOTTOM OF THE 2ND
Ottawa Nationals batting - Pitching for Virginia Beach Whales : RHP Daryl Benstead
Batting: RHB Joe Padilla 0-0: Fly out, F3 (Popup, 3F, EV 62.5 MPH)
Batting: RHB Sallvador Rebola 0-0: Swinging Strike
0-1: Foul Ball, location: 2F
0-2: SINGLE (Groundball, 34D, EV 98.1 MPH)
Batting: RHB Nobuhiko Ohayashi 0-0: Ball
1-0: SINGLE (Line Drive, 7S, EV 100.6 MPH)
Sallvador Rebola to second
Batting: LHB Knox Loposer 0-0: Ball
1-0: SINGLE (Groundball, 25, EV 61.2 MPH) (infield hit)
Sallvador Rebola to third
Nobuhiko Ohayashi to second
Batting: RHB Manuel Barrera 0-0: Fly out, F9 (Flyball, 89D, EV 103.1 MPH)
Runner from 3rd tags up, SCORES, no throw by RF
Batting: RHB Imbart Baars 0-0: Called Strike
0-1: Ball
1-1: Foul Ball, location: 2F
1-2: Ball
2-2: Foul Ball, location: 2F
2-2: Fielders Choice at 2nd, 5-4 (Groundball, 56, EV 103.1 MPH)
Bottom of the 2nd over - 1 run, 3 hits, 0 errors, 2 left on base; Virginia Beach 2 - Ottawa 1
TOP OF THE 3RD
Virginia Beach Whales batting - Pitching for Ottawa Nationals : RHP Jonathan Campbell
Batting: LHB Kalino Iolana 0-0: Ball
1-0: Ball
2-0: DOUBLE (Line Drive, 78XD, EV 103.1 MPH)
Batting: RHB Óscar Cardozo 0-0: Called Strike
0-1: Ball
1-1: Ground out 3-1 (Groundball, 3S, EV 84.4 MPH)
Kalino Iolana to third
Batting: RHB Todd Walker 0-0: Called Strike
0-1: Ground out 4-3 (Groundball, 4, EV 98.8 MPH)
Kalino Iolana scores
Batting: RHB Juan Oleastro 0-0: Ground out 5-3 (Groundball, 5, EV 82.5 MPH)
Top of the 3rd over - 1 run, 1 hit, 0 errors, 0 left on base; Virginia Beach 3 - Ottawa 1
BOTTOM OF THE 3RD
Ottawa Nationals batting - Pitching for Virginia Beach Whales : RHP Daryl Benstead
Batting: RHB Dave Curtis 0-0: Called Strike
0-1: Ball
1-1: Ball
2-1: Fly out, F9 (Flyball, 9LM, EV 96.2 MPH)
Batting: RHB Hulama Yani 0-0: Ball
1-0: Ball
2-0: Foul Ball, location: 2F
2-1: Ground out 6-3 (Groundball, 6MS, EV 85.6 MPH)
Batting: LHB Ewold de Regt 0-0: Called Strike
0-1: Ball
1-1: Ball
2-1: Ball
3-1: DOUBLE (Flyball, 8RXD, EV 103.1 MPH)
Batting: RHB Joe Padilla 0-0: Called Strike
0-1: Ball
1-1: Ball
2-1: Ball
3-1: Foul Ball, location: 2F
3-2: Base on Balls
Batting: RHB Sallvador Rebola 0-0: Ball
1-0: Fly out, F7 (Flyball, 78D, EV 91.9 MPH)
Bottom of the 3rd over - 0 runs, 1 hit, 0 errors, 2 left on base; Virginia Beach 3 - Ottawa 1
TOP OF THE 4TH
Virginia Beach Whales batting - Pitching for Ottawa Nationals : RHP Jonathan Campbell
Batting: LHB Asberry Harpending 0-0: Foul Ball, location: 2F
0-1: Ground out 5-3 (Groundball, 5, EV 101.9 MPH)
Batting: RHB Nick Harper 0-0: Ball
1-0: Ball
2-0: Swinging Strike
2-1: Ball
3-1: Swinging Strike
3-2: Strikes out looking
Batting: RHB Roberto González 0-0: Fly out, F8 (Flyball, 8RS, EV 85.0 MPH)
Top of the 4th over - 0 runs, 0 hits, 0 errors, 0 left on base; Virginia Beach 3 - Ottawa 1
BOTTOM OF THE 4TH
Ottawa Nationals batting - Pitching for Virginia Beach Whales : RHP Daryl Benstead
Batting: RHB Nobuhiko Ohayashi 0-0: Swinging Strike
0-1: Foul Ball, location: 2F
0-2: Ball
1-2: DOUBLE (Line Drive, 3D, EV 103.8 MPH)
Batting: LHB Knox Loposer 0-0: Called Strike
0-1: Ball
1-1: Ball
2-1: DOUBLE (Flyball, 78D, EV 91.9 MPH)
Nobuhiko Ohayashi scores
Batting: RHB Manuel Barrera 0-0: Called Strike
0-1: Called Strike
0-2: Ball
1-2: Fly out, F8 (Flyball, 8RS, EV 70.0 MPH)
Batting: RHB Imbart Baars 0-0: Called Strike
0-1: SINGLE (Flyball, 9LM, EV 96.9 MPH)
Knox Loposer to third
Runner from 3rd tries for Home, SAFE, throw by RF to home
Batting: RHB Dave Curtis 0-0: Ball
1-0: Ball
2-0: Called Strike
2-1: Ball
3-1: Base on Balls
Imbart Baars to second
Batting: RHB Hulama Yani 0-0: Grounds into double play, 4-6-3 (Groundball, 4M, EV 90.0 MPH)
Bottom of the 4th over - 2 runs, 3 hits, 0 errors, 1 left on base; Virginia Beach 3 - Ottawa 3
TOP OF THE 5TH
Virginia Beach Whales batting - Pitching for Ottawa Nationals : RHP Jonathan Campbell
Batting: RHB Aatos Salmi 0-0: SINGLE (Groundball, 4M, EV 103.1 MPH)
Batting: RHB Jessie Gibbs 0-0: Bunted foul
0-1: Ball
1-1: Sac Bunt to 15S - play at first, batter OUT! 1-4
Aatos Salmi to second
Batting: LHB Kalino Iolana 0-0: Called Strike
0-1: Fly out, F3 (Popup, 3L, EV 77.5 MPH)
Batting: RHB Óscar Cardozo 0-0: Ball
1-0: Swinging Strike
1-1: Ball
2-1: Fly out, F5 (Popup, 5S, EV 68.1 MPH)
Top of the 5th over - 0 runs, 1 hit, 0 errors, 1 left on base; Virginia Beach 3 - Ottawa 3
BOTTOM OF THE 5TH
Ottawa Nationals batting - Pitching for Virginia Beach Whales : RHP Daryl Benstead
Batting: LHB Ewold de Regt 0-0: Called Strike
0-1: Ground out U3 (Groundball, 3L, EV 93.8 MPH)
Batting: RHB Joe Padilla 0-0: Ball
1-0: SOLO HOME RUN (Flyball, 78XD, EV 103.1 MPH), Distance : 404 ft
Pitching: RHP Javier Iturburua
Batting: RHB Sallvador Rebola 0-0: Ball
1-0: Called Strike
1-1: Ball
2-1: Ball
3-1: Fly out, F7 (Flyball, 78S, EV 86.9 MPH)
Batting: RHB Nobuhiko Ohayashi 0-0: Foul Ball, location: 2F
0-1: SINGLE (Groundball, 15, EV 68.8 MPH) (infield hit)
Batting: LHB Knox Loposer 0-0: Fly out, F8 (Flyball, 8RD, EV 106.9 MPH)
Bottom of the 5th over - 1 run, 2 hits, 0 errors, 1 left on base; Virginia Beach 3 - Ottawa 4
TOP OF THE 6TH
Virginia Beach Whales batting - Pitching for Ottawa Nationals : RHP Jonathan Campbell
Batting: RHB Todd Walker 0-0: Swinging Strike
0-1: Ball
1-1: Ball
2-1: Foul Ball, location: 2F
2-2: Fly out, F7 (Flyball, 78D, EV 98.1 MPH)
Batting: RHB Juan Oleastro 0-0: Foul Ball, location: 2F
0-1: Foul Ball, location: 2F
0-2: Foul Ball, location: 2F
0-2: Foul Ball, location: 2F
0-2: Ball
1-2: Foul Ball, location: 2F
1-2: Foul Ball, location: 2F
1-2: Ball
2-2: Ball
3-2: SOLO HOME RUN (Flyball, 7D, EV 96.9 MPH), Distance : 372 ft
Pitching: LHP Errol Young
Batting: LHB Asberry Harpending 0-0: SINGLE (Groundball, 34D, EV 95.6 MPH)
Batting: RHB Nick Harper 0-0: Ball
1-0: Ball
2-0: Called Strike
2-1: SINGLE (Line Drive, 78S, EV 96.9 MPH)
Asberry Harpending to second
Batting: RHB Roberto González 0-0: Ball
1-0: Foul Ball, location: 2F
1-1: Reached on error, E5 (Groundball, 56S, EV 80.0 MPH)
Asberry Harpending scores
Nick Harper to third
Batting: RHB Aatos Salmi 0-0: SINGLE (Flyball, 78S, EV 82.5 MPH)
Nick Harper scores
Roberto González to third
Batting: RHB Jessie Gibbs 0-0: Called Strike
Aatos Salmi is caught stealing 2nd base 2-4
0-1: Called Strike
0-2: Strikes out swinging
Top of the 6th over - 3 runs, 4 hits, 1 error, 1 left on base; Virginia Beach 6 - Ottawa 4
BOTTOM OF THE 6TH
Ottawa Nationals batting - Pitching for Virginia Beach Whales : RHP Javier Iturburua
Batting: RHB Manuel Barrera 0-0: Ball
1-0: Ball
2-0: Foul Ball, location: 2F
2-1: Ground out 1-3 (Groundball, 15, EV 87.5 MPH)
Batting: RHB Imbart Baars 0-0: Called Strike
0-1: Ball
1-1: Ground out 3-1 (Groundball, 34, EV 88.8 MPH)
Batting: RHB Dave Curtis 0-0: Called Strike
0-1: Swinging Strike
0-2: Ball
1-2: Strikes out swinging
Bottom of the 6th over - 0 runs, 0 hits, 0 errors, 0 left on base; Virginia Beach 6 - Ottawa 4
TOP OF THE 7TH
Virginia Beach Whales batting - Pitching for Ottawa Nationals : LHP Errol Young
Batting: LHB Kalino Iolana 0-0: Ball
1-0: Ball
2-0: Ball
3-0: Called Strike
3-1: Base on Balls
Batting: RHB Óscar Cardozo 0-0: Called Strike
0-1: Foul Ball, location: 2F
0-2: Ball
1-2: Ball
2-2: DOUBLE (Line Drive, 3D, EV 96.2 MPH)
Kalino Iolana to third
Batting: RHB Todd Walker 0-0: Called Strike
0-1: Ball
1-1: Ball
2-1: Foul Ball, location: 2F
2-2: Foul Ball, location: 2F
2-2: Foul Ball, location: 2F
2-2: Foul Ball, location: 2F
2-2: Foul Ball, location: 2F
2-2: DOUBLE (Line Drive, 78XD, EV 112.5 MPH)
Kalino Iolana scores
Óscar Cardozo scores
Pitching: RHP Jim Maxwell
Batting: RHB Juan Oleastro 0-0: Foul Ball, location: 2F
0-1: Swinging Strike
0-2: Strikes out swinging
Batting: LHB Asberry Harpending 0-0: Ball
1-0: Swinging Strike
1-1: Foul Ball, location: 2F
1-2: Strikes out swinging
Batting: RHB Nick Harper 0-0: Called Strike
0-1: Ball
1-1: Ball
2-1: Ball
3-1: Ground out U3 (Groundball, 34, EV 103.8 MPH)
Top of the 7th over - 2 runs, 2 hits, 0 errors, 1 left on base; Virginia Beach 8 - Ottawa 4
BOTTOM OF THE 7TH
Ottawa Nationals batting - Pitching for Virginia Beach Whales : RHP Javier Iturburua
Batting: RHB Hulama Yani 0-0: Ball
1-0: Fly out, F3 (Line Drive, 3, EV 68.1 MPH)
Batting: LHB Ewold de Regt 0-0: Ball
1-0: Called Strike
1-1: Foul Ball, location: 2F
1-2: Foul Ball, location: 2F
1-2: Ball
2-2: Ground out 4-3 (Groundball, 4, EV 106.2 MPH)
Batting: RHB Joe Padilla 0-0: Ball
1-0: Ball
2-0: Ball
3-0: Called Strike
3-1: Fly out, F9 (Flyball, 89M, EV 90.6 MPH)
Bottom of the 7th over - 0 runs, 0 hits, 0 errors, 0 left on base; Virginia Beach 8 - Ottawa 4
TOP OF THE 8TH
Virginia Beach Whales batting - Pitching for Ottawa Nationals : RHP Jim Maxwell
Batting: RHB Roberto González 0-0: Ball
1-0: Called Strike
1-1: Ball
2-1: Ball
3-1: Called Strike
3-2: Ground out 5-3 (Groundball, 5L, EV 90.6 MPH)
Batting: RHB Aatos Salmi 0-0: Called Strike
0-1: Ball
1-1: Swinging Strike
1-2: Foul Ball, location: 2F
1-2: Ball
2-2: Ball
3-2: Strikes out swinging
Batting: RHB Jessie Gibbs 0-0: Called Strike
0-1: Ground out 6-3 (Groundball, 6, EV 110.0 MPH)
Top of the 8th over - 0 runs, 0 hits, 0 errors, 0 left on base; Virginia Beach 8 - Ottawa 4
BOTTOM OF THE 8TH
Ottawa Nationals batting - Pitching for Virginia Beach Whales : RHP Javier Iturburua
Batting: RHB Sallvador Rebola 0-0: Ball
1-0: Called Strike
1-1: Ball
2-1: Ball
3-1: Called Strike
3-2: Strikes out looking
Batting: RHB Nobuhiko Ohayashi 0-0: Called Strike
0-1: Foul Ball, location: 2F
0-2: Ball
1-2: Strikes out swinging
Batting: LHB Knox Loposer 0-0: Ball
1-0: Foul Ball, location: 2F
1-1: Ball
2-1: Called Strike
2-2: Strikes out swinging
Bottom of the 8th over - 0 runs, 0 hits, 0 errors, 0 left on base; Virginia Beach 8 - Ottawa 4
TOP OF THE 9TH
Virginia Beach Whales batting - Pitching for Ottawa Nationals : RHP Jim Maxwell
Batting: LHB Kalino Iolana 0-0: DOUBLE (Line Drive, 8RXD, EV 100.6 MPH)
Batting: RHB Óscar Cardozo 0-0: Called Strike
0-1: Ball
1-1: SINGLE (Flyball, 8LS, EV 88.8 MPH)
Kalino Iolana to third
Runner from 3rd tries for Home, SAFE, throw by CF to home
Batting: RHB Todd Walker 0-0: SINGLE (Groundball, 34S, EV 85.6 MPH) (infield hit)
Óscar Cardozo to second
Batting: RHB Juan Oleastro 0-0: Called Strike
0-1: Swinging Strike
0-2: Ball
1-2: Strikes out swinging
Batting: LHB Asberry Harpending 0-0: Ball
1-0: Ball
2-0: Ball
3-0: Called Strike
3-1: Base on Balls
Óscar Cardozo to third
Todd Walker to second
Batting: RHB Nick Harper 0-0: Foul Ball, location: 2F
0-1: Foul Ball, location: 2F
0-2: Ball
1-2: Ball
2-2: Strikes out swinging
Batting: RHB Roberto González 0-0: Called Strike
0-1: Ball
1-1: Hit by Pitch
Óscar Cardozo scores
Todd Walker to third
Asberry Harpending to second
Batting: RHB Aatos Salmi 0-0: Foul Ball, location: 2F
0-1: Called Strike
0-2: Ball
1-2: Foul Ball, location: 2F
1-2: Ball
2-2: Foul Ball, location: 2F
2-2: Strikes out swinging
Top of the 9th over - 2 runs, 3 hits, 0 errors, 3 left on base; Virginia Beach 10 - Ottawa 4
BOTTOM OF THE 9TH
Ottawa Nationals batting - Pitching for Virginia Beach Whales : RHP Javier Iturburua
Batting: RHB Manuel Barrera 0-0: Foul Ball, location: 2F
0-1: Called Strike
0-2: Strikes out swinging
Batting: RHB Imbart Baars 0-0: Ball
1-0: Fly out, F9 (Flyball, 9S, EV 78.8 MPH)
Batting: RHB Dave Curtis 0-0: Fly out, F9 (Flyball, 9LS, EV 86.9 MPH)
Bottom of the 9th over - 0 runs, 0 hits, 0 errors, 0 left on base; Virginia Beach 10 - Ottawa 4
Friday, March 26th, 2021 - OOTP Baseball 20.8 Build 74